 Dungeon Crawl Stone Soup version 0.31-a0-271-gb88eb75e06 (webtiles) character file.

Game seed: 8708514234723003690

75520 pokeman the Sorcerer (level 15, -12/80 (82) HPs)
             Began as a Deep Elf Hedge Wizard on July 14, 2023.
             Was a High Priest of Vehumet.
             Killed by divine providence
             ... invoked by an orc priest
              (14 damage)
             ... on level 2 of the Orcish Mines.
             The game lasted 01:24:04 (27635 turns).

pokeman the Sorcerer (Deep Elf Hedge Wizard)       Turns: 27635, Time: 01:24:04

HP:   -12/80 (82)   AC: 10    Str:  9    XL:     15   Next: 9%
MP:   1/60          EV: 11    Int: 27    God:    Vehumet [*****.]
Gold: 1607          SH:  0    Dex: 12    Spells: 21/56 levels left

rFire   . . .        o - staff of conjuration
rCold   + . .        (no shield)
rNeg    . . .        K - +0 acid dragon scales
rPois   .            J - +1 hat {Stlth+}
rElec   +            R - +2 cloak {Will+}
rCorr   +            s - +0 pair of gloves "Sahipt" {*Corrode rElec rC+ Str+2}
SInv    .            g - +0 pair of boots {rampage}
Will    ++...        (no amulet)
Stlth   +++          l - ring of magical power
HPRegen 0.33/turn    V - ring of magical power
MPRegen 0.37/turn

%: corrode self (3%), rampage
@: corroded, studying Unarmed Combat, lightly drained, unable to read
A: horns 1, clumsy 1, inability to read after injury 1
a: Renounce Religion


You were on level 2 of the Orcish Mines.
You worshipped Vehumet.
Vehumet was extremely pleased with you.
You visited 4 branches of the dungeon, and saw 23 of its levels.
You also visited: Gauntlet and Volcano.

You collected 1607 gold pieces.

Inventory:

Hand Weapons
 t - the +8 hammer of Trial by Ordeal {flame, +Blink Int-4 Dex+5 SInv}
   (You found it on level 3 of the Dungeon)

   Int:       It affects your intelligence (-4).
   Dex:       It affects your dexterity (+5).
   SInv:      It lets you see invisible.
   +Blink:    It lets you blink.
 H - the +5 sling of Texi {elec, Contam *Corrode Will+ Str+8}
   (You found it on level 4 of the Lair of Beasts)

   Str:       It affects your strength (+8).
   Contam:    It causes magical contamination when unequipped.
   *Corrode:  It may corrode you when you take damage.
   Will:      It increases your willpower.
Missiles
 N - 4 curare-tipped darts
Armour
 f - a +0 buckler
 g - a +0 pair of boots of rampaging (worn)
 h - the +1 pair of gloves of Laometoe {rElec}
   (You found it in a volcano)

   rElec:     It insulates you from electricity.
 q - a scarf of harm
 s - the +0 pair of gloves "Sahipt" (worn) {*Corrode rElec rC+ Str+2}
   (You found it in a Gauntlet)

   Str:       It affects your strength (+2).
   rC:        It protects you from cold.
   rElec:     It insulates you from electricity.
   *Corrode:  It may corrode you when you take damage.
 I - a +1 robe of cold resistance
 J - a +1 hat of stealth (worn)
 K - +0 acid dragon scales (worn)
 R - a +2 cloak of willpower (worn)
Magical Staves
 n - a staff of fire
 o - a staff of conjuration (weapon)
Jewellery
 l - a ring of magical power (left hand)
 v - a ring of resist corrosion
 E - an amulet of reflection
 G - a ring of protection from cold
 M - a ring of protection from cold
 O - a +6 ring of strength
 V - a ring of magical power (right hand)
Wands
 b - a wand of polymorph (7)
 j - a wand of digging (12)
 y - a wand of paralysis (29)
 A - a wand of flame (10)
 F - a wand of roots (4)
 T - a wand of light (10)
Scrolls
 c - a scroll of revelation
 k - 10 scrolls of teleportation
 m - a scroll of brand weapon
 p - 4 scrolls of blinking
 u - 4 scrolls of enchant weapon
 z - 2 scrolls of vulnerability
 C - a scroll of amnesia {unknown}
 D - a scroll of fog
 L - a scroll of fear
Potions
 a - 2 potions of cancellation
 d - 5 potions of magic
 e - a potion of haste
 i - 2 potions of brilliance
 r - 2 potions of ambrosia {unknown}
 x - 3 potions of heal wounds
 B - a potion of berserk rage {unknown}
 Q - 2 potions of enlightenment {unknown}
 W - 2 potions of curing
Miscellaneous
 w - a phantom mirror


   Skills:
 - Level 5.0 Fighting
 + Level 5.8 Armour
 - Level 3.0 Dodging
 - Level 3.2 Stealth
 - Level 6.0 Shields
 * Level 21.3 Spellcasting
 + Level 13.0 Conjurations
 - Level 1.1 Summonings
 - Level 1.1 Translocations
 - Level 1.2 Transmutations
 + Level 12.4 Fire Magic
 - Level 1.1 Ice Magic
 - Level 1.0 Air Magic
 - Level 8.0 Earth Magic
 - Level 1.1 Poison Magic
 - Level 1.1 Evocations


You had 21 spell levels left.
You knew the following spells:

 Your Spells              Type           Power      Damage    Failure   Level
a - Magic Dart            Conj           100%       1d8       0%          1
b - Mephitic Cloud        Conj/Pois/Air  71%        N/A       1%          3
c - Call Imp              Summ           68%        N/A       1%          2
d - Blink                 Tloc           68%        N/A       1%          2
e - Irradiate             Conj/Tmut      39%        3d24      1%          5
f - Lee's Rapid Deconstr  Erth           32%        3d16*     1%          5
g - Flame Wave            Conj/Fire      98%        2d20      1%          4
h - Freezing Cloud        Conj/Ice/Air   35%        6-21      2%          5
i - Ignition              Fire           38%        3d11      21%         8

Your spell library contained the following spells:

 Spells                   Type           Power      Damage    Failure   Level
 Plasma Beam              Fire/Air       30%        2x1d43    5%          6
 Searing Ray              Conj           100%       2d8       0%          2
 Summon Small Mammal      Summ           100%       N/A       1%          1
 Lesser Beckoning         Tloc           68%        N/A       1%          2
 Momentum Strike          Conj/Tloc      100%       3d10      1%          2
 Wereblood                Tmut           35%        N/A       1%          2
 Dazzling Flash           Conj/Hex       100%       N/A       1%          3
 Frozen Ramparts          Ice            68%        1d11      1%          3
 Inner Flame              Hex/Fire       58%        N/A       1%          3
 Fulminant Prism          Conj/Hex       38%        3d17      1%          4
 Sticky Flame             Conj/Fire      98%        2d11      1%          4
 Arcjolt                  Conj/Air       39%        1d49      1%          5
 Slow                     Hex            100%       N/A       2%          1
 Cigotuvi's Dreadful Rot  Necr/Pois/Air  64%        N/A       2%          2
 Animate Armour           Summ/Erth      100%       N/A       3%          4
 Olgreb's Toxic Radiance  Pois           35%        N/A       3%          4
 Petrify                  Tmut/Erth      52%        N/A       3%          4
 Call Canine Familiar     Summ           34%        N/A       4%          3
 Gell's Gravitas          Tloc           34%        N/A       4%          3
 Summon Guardian Golem    Hex/Summ       31%        N/A       4%          3
 Teleport Other           Tloc           34%        N/A       4%          3
 Vhi's Electric Charge    Tloc/Air       68%        N/A       4%          3
 Yara's Violent Unravell  Hex/Tmut       16%        3d8       12%         5
 Manifold Assault         Tloc           34%        N/A       13%         4
 Summon Lightning Spire   Summ/Air       34%        N/A       14%         4
 Lehudib's Crystal Spear  Conj/Erth      45%        10d11     41%         8
 Metabolic Englaciation   Hex/Ice        15%        N/A       43%         5
 Silence                  Hex/Air        15%        N/A       43%         5
 Summon Mana Viper        Hex/Summ       31%        N/A       43%         5
 Agony                    Necr           28%        N/A       52%         5
 Dispersal                Tloc           17%        N/A       90%         6
 Enfeeble                 Hex            14%        N/A       100%        7
 Haunt                    Necr/Summ      15%        N/A       100%        7
 Discord                  Hex            14%        N/A       100%        8
 Disjunction              Tloc           17%        N/A       100%        8
 Maxwell's Capacitive Co  Air            17%        ∞         100%        8


Dungeon Overview and Level Annotations

Branches:
Dungeon (15/15)            Temple (1/1) D:6            Lair (5/5) D:11
 Shoals (0/4) Lair:3       Spider (0/4) Lair:3        Slime (0/5) Lair:4
    Orc (2/2) D:11         Vaults (0/5) D:13         Depths (0/4) D:15
Volcano (visited)         Gauntlet (visited)
    Elf: Orc:2

Altars:
Ashenzari
Cheibriados
Dithmenos
Elyvilon
Fedhas
Gozag
Hepliaklqana
Kikubaaqudgha
Makhleb
Nemelex Xobeh
Okawaru
Qazlal
Ru
Sif Muna
Trog
Uskayaw
Vehumet
Wu Jian
Xom
Yredelemnul
Zin
The Shining One
Jiyva

Shops:
D:1 ?   D:5 [:

Portals:
Trove: D:13 (show abyssal rune of Zot)

Annotations:
D:14 Many foes behind rock


Innate Abilities, Weirdness & Mutations

You have a pair of small horns on your head.
You are clumsy. (Dex -2)
You occasionally lose the ability to read scrolls when taking damage.


Message History

You feel stable enough to blink again. The orc hits you with a +0 club.
Your corrosive artefact corrodes you!
The orc priest invokes the aid of Beogh against you.
Beogh smites you!
* * * LOW HITPOINT WARNING * * *
You see here a warg corpse.
The troll closely misses you. The troll claws you but does no damage.
The troll claws you.
* * * LOW HITPOINT WARNING * * *
Casting: Blink (safe; 1% risk of failure)
Confirm with . or Enter, or press ? or * to list all spells.
Aiming: Mephitic Cloud (safe; 1% risk of failure)
Press: ? - help, Shift-Dir - straight line, f - troll
Aim: a troll (heavily wounded, chance to affect: 67%)
You feel a surge of power! That beam is likely to hit you.
Continue anyway?
The ball explodes into a vile cloud!
The stinking cloud engulfs the troll but does no damage.
The troll is heavily wounded.
The stinking cloud engulfs you but does no damage.
The stinking cloud engulfs the orc wizard but does no damage.
You are engulfed in noxious fumes.
You choke on the stench!
You are confused.
The orc hits you with a +0 club.
* * * LOW HITPOINT WARNING * * *
The orc wizard is engulfed in noxious fumes.
The orc wizard appears confused.
The troll is engulfed in noxious fumes.
The troll appears confused.
The troll closely misses you. The troll claws you!
* * * LOW HITPOINT WARNING * * *
The troll barely misses you.
Unknown command.
You're too confused to move!
You are engulfed in noxious fumes.
You feel less confused. The orc hits you but does no damage.
The orc wizard hits the troll with a +2 dagger of draining.
The orc wizard drains the troll.
The orc wizard hits itself with a +2 dagger of draining.
The orc priest calls down the wrath of Beogh upon you.
Beogh smites you!
You die...

..#.....#...# ##
......#)..)##.## .
#....)#)......# ..
#......)#)...##
.#.#...o))).).###
#......o.o...### #
.#.......§o..#.#..
.......o#T☼.......
.#......@☼§.......
#........<)......
.........$........
.#.............#..
#..................
......#.........o.
....#.#.....<##...
..#.......... ..#
.........§ .#


You could see a troll (confused, drained), an orc priest, an orc wizard
(confused) and 3 orcs.

Vanquished Creatures
  Gastronok (D:8)
  Frances (D:14)
  An orc warlord (Orc:1)
  A minotaur (Gauntlet)
  A dire elephant (Lair:5)
  Snorg (D:13)
  An entropy weaver (shapeshifter) (D:13)
  3 hydras
  2 centaur warriors (D:14)
  2 catoblepae
  4 two-headed ogres
  A tengu warrior (D:14)
  A deep troll shaman (Lair:5)
  12 death yaks (Lair:5)
  A vampire mage (D:9)
  Amaemon (D:9)
  A sixfirhy (D:14)
  3 skeletal warriors (D:12)
  The ghost of Tocho the Cleaver, a novice OgRe of Okawaru (D:5)
  The ghost of AwFulAwFulPlayer the Grappler, a novice TrMo of Wu Jian (D:7)
  2 orc knights
  Pikel (D:8)
  A deep elf archer (Volcano)
  7 deep elf pyromancers (Volcano)
  2 wolf spiders
  3 harpies (Lair:3)
  A manticore (D:11)
  An ugly thing (D:12)
  A wizard (D:13)
  6 cyclopes
  10 elephants
  4 black mambas
  10 cane toads
  2 gargoyles
  An orange demon (D:9)
  An unseen horror (D:10)
  4 rime drakes
  6 yaktaurs
  14 komodo dragons
  An efreet (D:13)
  An ice devil (Gauntlet)
  A polar bear (Lair:5)
  11 trolls
  15 blink frogs
  10 slime creatures
  2 centaur simulacra (Gauntlet)
  7 shadows
  2 wyverns
  43 yaks
  2 wraiths
  A fire bat (D:9)
  3 fire elementals (Volcano)
  3 vampire mosquitoes (D:13)
  4 steam dragons
  3 basilisks (Lair:4)
  2 wargs
  5 hell hounds (Volcano)
  An acid dragon (D:14)
  9 water moccasins
  15 orc warriors
  A swamp drake (D:10)
  A sky beast (D:4)
  4 black bears
  2 centaurs
  4 ogres
  2 boggarts (D:15)
  2 lemures (D:8)
  17 wolves
  2 phantoms
  12 bullfrogs
  2 scorpions
  A water moccasin zombie (D:5)
  A gnoll sergeant (D:5)
  7 jellies
  A wyvern simulacrum (Gauntlet)
  2 hounds
  A centaur skeleton (D:5)
  2 gnoll boudas (D:7)
  10 orc priests
  Crazy Yiuf (D:3)
  3 iguanas
  19 orc wizards
  2 sleepcaps
  A statue (D:10)
  A mummy (D:5)
  A howler monkey zombie (D:5)
  14 gnolls
  A howler monkey skeleton (D:5)
  7 adders
  4 shadow imps
  5 white imps
  An ufetubus (D:6)
  2 worms
  6 dart slugs
  55 orcs
  3 endoplasms
  6 giant cockroaches
  8 goblins
  7 hobgoblins
  11 jackals
  9 kobolds
  6 quokkas
  12 ball pythons
  3 bats
  5 frilled lizards
  7 rats
  A fire vortex (Lair:5)
533 creatures vanquished.

Vanquished Creatures (collateral kills)
  A yak (D:10)
  A sleepcap (D:7)
2 creatures vanquished.

Vanquished Creatures (others)
  A gnoll (D:7)
1 creature vanquished.

Grand Total: 536 creatures vanquished

Notes
Turn   | Place    | Note
-------+----------+-------------------------------------------
     0 | D:1      | pokeman the Deep Elf Hedge Wizard began the quest for the
                  | Orb.
     0 | D:1      | Reached XP level 1. HP: 10/10 MP: 7/7
   239 | D:1      | Reached XP level 2. HP: 16/16 MP: 7/9
   728 | D:1      | Found Ophued's Magic Scroll Shop.
   816 | D:1      | Reached skill level 5 in Spellcasting
   925 | D:1      | Reached XP level 3. HP: 4/20 MP: 1/11
  1118 | D:1      | Learned a level 3 spell: Mephitic Cloud
  1121 | D:1      | Learned a level 2 spell: Call Imp
  1124 | D:1      | Learned a level 2 spell: Blink
  1521 | D:1      | Reached skill level 1 in Fighting
  1665 | D:2      | Reached skill level 1 in Armour
  2281 | D:2      | Reached XP level 4. HP: 23/25 MP: 13/13
  2768 | D:3      | Found a shadowy altar of Dithmenos.
  3212 | D:3      | Found an ancient bone altar of Kikubaaqudgha.
  3481 | D:3      | Found a runed translucent door.
  3482 | D:3      | Noticed Crazy Yiuf
  3504 | D:3      | Killed Crazy Yiuf
  3524 | D:3      | Identified the +8 hammer of Trial by Ordeal {flame, +Blink
                  | Int-4 Dex+5 SInv}
  3617 | D:4      | Reached skill level 6 in Spellcasting
  3637 | D:4      | Reached XP level 5. HP: 27/29 MP: 15/15
  3728 | D:4      | Reached skill level 1 in Shields
  3766 | D:4      | Noticed a sky beast
  3792 | D:4      | Killed a sky beast
  3793 | D:4      | Reached skill level 1 in Fire Magic
  3793 | D:4      | Reached XP level 6. HP: 23/34 MP: 13/17
  4103 | D:4      | Reached skill level 7 in Spellcasting
  4275 | D:4      | Reached skill level 1 in Air Magic
  4275 | D:4      | Reached skill level 1 in Poison Magic
  4275 | D:4      | Reached skill level 1 in Evocations
  4442 | D:4      | Learned a level 5 spell: Irradiate
  4460 | D:4      | Identified the +2 robe "Nokaeg" {rN+ Regen+}
  4724 | D:4      | Found a burning altar of Makhleb.
  5239 | D:5      | Entered Level 5 of the Dungeon
  5247 | D:5      | Reached XP level 7. HP: 38/38 MP: 20/20
  5374 | D:5      | Reached skill level 1 in Transmutations
  5436 | D:5      | Got the Writings on Coarse Allies
  5452 | D:5      | Reached skill level 8 in Spellcasting
  5732 | D:5      | Found Caleklum's Antique Armour Boutique.
  5774 | D:5      | Found Tyblemah's Weapon Emporium.
  5946 | D:5      | Found Dyefujass's Book Shoppe.
  5994 | D:5      | Found a transporter.
  5994 | D:5      | Noticed Tocho's ghost (novice OgRe)
  5997 | D:5      | Found a transporter.
  6018 | D:5      | Noticed a wyvern
  6027 | D:5      | Found a hide-covered altar of Uskayaw.
  6032 | D:5      | Killed a wyvern
  6033 | D:5      | Reached XP level 8. HP: 44/44 MP: 22/22
  6277 | D:6      | Found a staircase to the Ecumenical Temple.
  6293 | Temple   | Entered the Ecumenical Temple
  6531 | D:6      | Reached skill level 9 in Spellcasting
  6788 | D:6      | Reached skill level 5 in Conjurations
  7504 | D:6      | Reached skill level 10 in Spellcasting
  7555 | D:7      | Found a transporter.
  7594 | D:7      | Found a stormy altar of Qazlal.
  7701 | D:7      | Identified the +4 spear "Cotoy" {antimagic, Will+}
  7796 | D:7      | Reached XP level 9. HP: 48/48 MP: 25/25
  7914 | D:7      | Found a transporter.
  7914 | D:7      | Noticed AwFulAwFulPlayer's ghost (novice TrMo)
  8246 | D:8      | Noticed Gastronok
  8429 | D:8      | Reached skill level 11 in Spellcasting
  8726 | D:8      | Reached skill level 5 in Fire Magic
  8783 | D:8      | Noticed Pikel
  8798 | D:8      | Killed Pikel
  9305 | D:9      | Reached skill level 12 in Spellcasting
  9433 | D:9      | Noticed a vampire mage
  9508 | D:9      | Noticed an orange demon
  9509 | D:9      | Noticed Amaemon
  9525 | D:9      | Killed an orange demon
  9539 | D:9      | Killed Amaemon
  9540 | D:9      | Reached XP level 10. HP: 17/53 MP: 28/28
  9887 | D:9      | Reached skill level 13 in Spellcasting
 10125 | D:9      | Found a shimmering blue altar of Sif Muna.
 10326 | D:10     | Entered Level 10 of the Dungeon
 10369 | D:10     | Noticed a cyclops
 10378 | D:10     | HP: 2/55 [something (8)]
 10382 | D:10     | Killed a cyclops
 10456 | D:10     | Noticed a two-headed ogre
 10490 | D:10     | Killed a two-headed ogre
 10491 | D:10     | Reached skill level 14 in Spellcasting
 10646 | D:10     | Found a radiant altar of Vehumet.
 10667 | D:10     | Became a worshipper of Vehumet
 10828 | D:10     | Noticed a gargoyle
 10832 | D:10     | Killed a gargoyle
 10833 | D:10     | Reached XP level 11. HP: 18/60 MP: 29/31
 11097 | D:11     | Noticed a two-headed ogre
 11173 | D:11     | Found a staircase to the Orcish Mines.
 11173 | D:11     | Noticed an orc knight
 11192 | D:11     | Killed an orc knight
 11231 | D:11     | Reached * piety under Vehumet
 11231 | D:11     | Offered knowledge of Shock by Vehumet.
 11452 | D:11     | Noticed a two-headed ogre
 11483 | D:11     | Killed a two-headed ogre
 11484 | D:11     | Reached skill level 15 in Spellcasting
 11587 | D:11     | Found a staircase to the Lair.
 11683 | D:11     | Noticed a two-headed ogre
 11713 | D:11     | Killed a two-headed ogre
 11720 | D:11     | Learned a level 5 spell: Lee's Rapid Deconstruction
 11855 | D:11     | Identified the +1 ring mail of Nemelex Xobeh's Favour {rN+
                  | Str+2}
 12037 | D:11     | Reached skill level 1 in Earth Magic
 12060 | D:11     | Killed a two-headed ogre
 12758 | D:11     | Reached skill level 5 in Fighting
 13300 | D:12     | Reached skill level 16 in Spellcasting
 13538 | D:12     | Noticed a brown ugly thing
 13547 | D:12     | Killed a green ugly thing
 13548 | D:12     | Reached XP level 12. HP: 35/68 MP: 29/34
 14394 | D:13     | You fall into a shaft and drop 2 floors!
 14394 | D:15     | Entered Level 15 of the Dungeon
 14410 | D:15     | Found a gate leading to a gauntlet.
 14415 | Gauntlet | Entered a Gauntlet
 14415 | Gauntlet | Found a transporter.
 14415 | Gauntlet | Found a transporter.
 14415 | Gauntlet | Found a runed translucent door.
 14415 | Gauntlet | Found a runed translucent gate.
 14417 | Gauntlet | Found a runed translucent door.
 14417 | Gauntlet | Found a runed translucent gate.
 14427 | Gauntlet | Found a transporter.
 14444 | Gauntlet | Found a transporter.
 14444 | Gauntlet | Found a transporter.
 14444 | Gauntlet | Found a runed translucent gate.
 14447 | Gauntlet | Found a transporter.
 14448 | Gauntlet | Found a transporter.
 14448 | Gauntlet | Found a transporter.
 14452 | Gauntlet | Found a runed translucent door.
 14452 | Gauntlet | Noticed a cacodemon
 14460 | Gauntlet | Found a runed translucent door.
 14462 | Gauntlet | Found a transporter.
 14478 | Gauntlet | Found a transporter.
 14502 | Gauntlet | Found a transporter.
 14503 | Gauntlet | Found the ring of the Tortoise {AC+8}
 14507 | Gauntlet | Found a transporter.
 14547 | Gauntlet | Found a transporter.
 14565 | Gauntlet | Found a transporter.
 14860 | Gauntlet | Identified the +0 pair of gloves "Sahipt" {*Corrode rElec
                  | rC+ Str+2}
 14957 | Gauntlet | Reached skill level 10 in Conjurations
 14960 | Gauntlet | Gained mutation: You have a pair of small horns on your
                  | head. [mutagenic glow]
 15054 | Gauntlet | Noticed a minotaur
 15070 | Gauntlet | Killed a minotaur
 15070 | Gauntlet | Offered knowledge of Scorch by Vehumet.
 15242 | Gauntlet | Identified the staff "Bidum" {rPois rC- rN+ Int+3 Necro}
 15282 | Gauntlet | Lost mutation: You have a pair of small horns on your head.
                  | [potion of mutation]
 15282 | Gauntlet | Gained mutation: You have sharp toenails. [potion of
                  | mutation]
 15282 | Gauntlet | Gained mutation: You have hidden genetic potential. [potion
                  | of mutation]
 15282 | Gauntlet | Gained mutation: You are clumsy. (Dex -2) [potion of
                  | mutation]
 15282 | Gauntlet | Gained mutation: You have a pair of small horns on your
                  | head. [potion of mutation]
 15283 | Gauntlet | Lost mutation: You are clumsy. (Dex -2) [potion of
                  | mutation]
 15283 | Gauntlet | Lost mutation: You have sharp toenails. [potion of
                  | mutation]
 15283 | Gauntlet | Lost mutation: You have hidden genetic potential. [potion
                  | of mutation]
 15283 | Gauntlet | Gained mutation: You are clumsy. (Dex -2) [potion of
                  | mutation]
 15283 | Gauntlet | Gained mutation: You occasionally lose the ability to read
                  | scrolls when taking damage. [potion of mutation]
 15300 | D:15     | Reached ** piety under Vehumet
 15301 | D:15     | Reached skill level 17 in Spellcasting
 15306 | D:15     | Noticed a centaur warrior
 15576 | D:14     | Found a runed translucent door.
 15634 | D:13     | Identified the +2 lajatang "Gouleapn" {heavy, *Rage rC+
                  | rCorr Int+4}
 15635 | D:13     | Found a gate to the Vaults.
 15639 | D:13     | Noticed a yaktaur captain
 15651 | D:13     | Noticed a five-headed hydra
 15825 | D:13     | Noticed a catoblepas
 15825 | D:13     | Noticed Snorg
 15839 | D:13     | Killed a catoblepas
 15849 | D:13     | Killed Snorg
 16051 | D:13     | Noticed a six-headed hydra
 16054 | D:13     | Killed a six-headed hydra
 16055 | D:13     | Reached skill level 5 in Earth Magic
 16291 | D:13     | Killed a five-headed hydra
 16510 | D:13     | Reached skill level 10 in Fire Magic
 16656 | D:13     | Noticed an entropy weaver
 16665 | D:13     | Killed an entropy weaver
 16811 | D:13     | Found a portal to a secret trove of treasure.
 17180 | D:13     | Reached skill level 5 in Armour
 17198 | D:14     | Noticed a centaur warrior
 17203 | D:14     | Killed a centaur warrior
 17204 | D:14     | Reached XP level 13. HP: 61/72 MP: 26/36
 17717 | D:14     | Reached skill level 18 in Spellcasting
 18237 | D:14     | Noticed Frances
 18964 | D:14     | Killed Frances
 19056 | D:14     | Identified the +6 sling of Turmoil {antimagic, Fly rCorr
                  | Int+3}
 19341 | D:8      | Killed Gastronok
 19817 | D:5      | Killed Tocho's ghost
 20080 | D:7      | Killed AwFulAwFulPlayer's ghost
 20331 | Lair:1   | Entered Level 1 of the Lair of Beasts
 20335 | Lair:1   | Found a dark tunnel.
 20358 | Volcano  | Entered a volcano
 20581 | Volcano  | Reached skill level 19 in Spellcasting
 20787 | Volcano  | Identified the +1 pair of gloves of Laometoe {rElec}
 20866 | Lair:1   | Offered knowledge of Ignite Poison by Vehumet.
 21263 | Lair:1   | Reached *** piety under Vehumet
 21971 | Lair:2   | HP: 2/72 [black mamba (6)]
 22004 | Lair:2   | Reached XP level 14. HP: 40/78 MP: 9/39
 22016 | Lair:2   | Reached skill level 5 in Shields
 22368 | Lair:2   | Offered knowledge of Flame Wave by Vehumet.
 22804 | Lair:2   | Learned a level 4 spell: Flame Wave
 23592 | Lair:3   | Found a staircase to the Shoals.
 23773 | Lair:3   | Found a hole to the Spider Nest.
 24047 | Lair:3   | Reached **** piety under Vehumet
 24362 | Lair:4   | Reached skill level 20 in Spellcasting
 24728 | Lair:4   | Identified the +5 sling of Texi {elec, Contam *Corrode
                  | Will+ Str+8}
 24790 | Lair:4   | Offered knowledge of Freezing Cloud by Vehumet.
 24797 | Lair:4   | Learned a level 5 spell: Freezing Cloud
 24828 | Lair:4   | Found a viscous altar of Jiyva.
 24828 | Lair:4   | Found a staircase to the Slime Pits.
 25504 | Lair:5   | Entered Level 5 of the Lair of Beasts
 25531 | Lair:5   | Reached skill level 1 in Ice Magic
 26687 | Lair:5   | Reached ***** piety under Vehumet
 26688 | Lair:5   | Reached skill level 21 in Spellcasting
 26797 | Lair:5   | Offered knowledge of Plasma Beam by Vehumet.
 26906 | Lair:5   | Reached XP level 15. HP: 82/82 MP: 42/42
 27035 | Lair:5   | Learned a level 8 spell: Ignition
 27285 | Orc:1    | Entered Level 1 of the Orcish Mines
 27587 | Orc:2    | Entered Level 2 of the Orcish Mines
 27634 | Orc:2    | HP: 2/80 [troll (8)]
 27635 | Orc:2    | Killed from afar by an orc priest

Illustrated notes

Levels and vault maps discovered:
D:1:      eino_arrival_water_star, layout_loops_ring, serial_shops, shop,
          minmay_heptomino_o4
D:2:      layout_basic
D:3:      layout_rooms, grunt_dithmenos_smoke,
          nicolae_kikubaaqudgha_miasma_corner, chequers_jeans,
          kennysheep_cross_room, uniq_crazy_yiuf_cottage
D:4:      layout_layer_cave, old_standard_altar
D:5:      layout_basic, eat_drink_and_be_merry_uskayaw, serial_shops,
          nicolae_shop_crystal, kennysheep_little_box, shop,
          gammafunk_ghost_mausoleum
D:6:      layout_basic, minmay_temple_entry_large_hall
D:7:      layout_basic, nicolae_qazlal_scattered_showers, gammafunk_ghost_arena,
          nicolae_lava_and_water
D:8:      layout_loops_corners, chequers_arboretum, uniq_gastronok, uniq_pikel
D:9:      layout_loops_corners, marbit_many_paths, minmay_librarian,
          uniq_amaemon
D:10:     layout_rooms, vehumet_statue
D:11:     layout_basic, lair_entry_dummy, david_orc_5
D:12:     layout_basic
D:13:     nicolae_cairo_tiling, layout_cave_pools, david_vaults_2,
          trove_entry_hex_spiral, hangedman_decor_clover_reticule, uniq_snorg
D:14:     cheibrodos_shockbox, layout_loops_ring, serial_co_window_serial,
          co_window_paths_a, co_window_corner_a, co_window_paths_b,
          co_window_paths_a, co_window_of_opportunity_a, co_window_paths_a,
          co_window_broadway_c, co_window_unsneaky_path_d,
          co_window_of_opportunity_c, co_window_corner_cb, co_window_cross_2,
          glass_columns_b, glass_columns_a, glass_columns_b, glass_columns_a,
          chequers_serial_rivers_large_b, minivault_12, uniq_frances
D:15:     hangedman_depths_entry_civil_slaughter, layout_cave_pools,
          hangedman_decor_peaks_small, gauntlet_entry_generic,
          elves_outpost_lemuel
Temple:   nicolae_temple_superstar
Lair:1:   layout_regular_city, nicolae_volcano_entry_lava_flow, minmay_holes
Lair:2:   layout_cave_pods, columned_hall_lemuel, dreamdust_deal_with_the_devil,
          grunt_megastairs_5
Lair:3:   layout_loops_ring, nicolae_shoals_entry_roost,
          spider_nest_entry_rubble, serial_rivers,
          chequers_serial_rivers_micro_e, chequers_serial_rivers_micro_d,
          chequers_serial_rivers_small_b, chequers_serial_rivers_micro_b
Lair:4:   layout_concentric_octagons, nicolae_slime_entry_field_trip,
          st_stairs_5
Lair:5:   grunt_lair_end_beastmaster, layout_gridlike
Orc:1:    layout_caves, ebering_ghost_xom, nicolae_orc_sculptors_studio
Orc:2:    st_orc_open, layout_caves, basic_altar

Skill      XL: |  1  2  3  4  5  6  7  8  9 10 11 12 13 14 15 |
---------------+----------------------------------------------+-----
Spellcasting   | 5 6 7 8 10 12 14 16 17 19 21 | 21.3
Fighting       | 1 2 3 5 |  5.0
Armour         | 1 2 3 5 |  5.8
Conjurations   | 2 3 4 5 7 8 9 10 11 12 13 | 13.0
Dodging        | 3 |  3.0
Shields        | 1 3 4 6 |  6.0
Stealth        | 3 |  3.2
Fire Magic     | 1 2 4 6 7 8 10 11 12 | 12.4
Air Magic      | 1 |  1.0
Poison Magic   | 1 |  1.1
Evocations     | 1 |  1.1
Transmutations | 1 |  1.2
Earth Magic    | 3 5 7 8 |  8.0
Ice Magic      | 1 |  1.1
Summonings     | |  1.1
Translocations | |  1.1

Action                     |  1- 3 |  4- 6 |  7- 9 | 10-12 | 13-15 || total
---------------------------+-------+-------+-------+-------+-------++-------
  Melee: Dagger            |     7 |    41 |   175 |     1 |       ||   224
         Punch             |       |       |     6 |     7 |       ||    13
         Demon whip        |       |       |       |   228 |     8 ||   236
         Mace              |       |       |       |    15 |    12 ||    27
         Headbutt          |       |       |       |    15 |    22 ||    37
         Staff             |       |       |       |       |    38 ||    38
  Throw: Dart              |       |       |       |       |     2 ||     2
         Throwing net      |       |       |       |       |     1 ||     1
   Cast: Magic Dart        |   133 |   118 |   172 |    96 |    20 ||   539
         Mephitic Cloud    |       |    10 |    43 |    82 |    39 ||   174
         Call Imp          |       |     5 |     2 |     6 |     3 ||    16
         Blink             |       |     1 |     2 |    12 |     9 ||    24
         Irradiate         |       |       |       |    35 |    12 ||    47
         Lee's Rapid Decon |       |       |       |    65 |   259 ||   324
         Flame Wave        |       |       |       |       |    18 ||    18
         Freezing Cloud    |       |       |       |       |    27 ||    27
  Evoke: Wand              |       |       |       |     8 |       ||     8
    Use: Scroll            |       |       |       |    18 |     6 ||    24
         Potion            |       |       |       |     3 |     2 ||     5
   Stab: Sleeping          |     1 |       |     2 |     1 |       ||     4
         Confused          |       |     6 |    18 |    33 |     7 ||    64
         Paralysed         |       |       |       |     7 |       ||     7
 Armour: Robe              |     8 |    21 |    32 |    75 |    12 ||   148
         Acid dragon scale |       |       |       |       |    74 ||    74
  Dodge: Dodged            |    22 |    44 |   120 |   160 |    81 ||   427

Table legend: (Time is in decaauts)
 A = Elapsed time spent in this place.
 B = Non-inter-level travel time spent in this place.
 C = Inter-level travel time spent in this place.
 D = Time resting spent in this place.
 E = Time spent auto-exploring this place.
 F = Levels seen in this place.
 G = Mean time per level.
                   A        B        C        D        E       F      G
               +--------+--------+--------+--------+--------+-----+--------+
         Total |  27764 |  25775 |   1989 |   1665 |  19524 |  25 | 1110.6 |
       Dungeon |  19403 |  17648 |   1755 |    846 |  13757 |  15 | 1293.5 |
        Temple |    203 |    175 |     28 |      0 |    116 |   1 |  203.0 |
          Lair |   6443 |   6251 |    192 |     60 |   5355 |   5 | 1288.6 |
  Orcish Mines |    350 |    337 |     13 |    207 |     62 |   2 |  175.0 |
       Volcano |    484 |    484 |      0 |    223 |    130 |   1 |  484.0 |
      Gauntlet |    878 |    878 |      0 |    329 |    103 |   1 |  878.0 |
               +--------+--------+--------+--------+--------+-----+--------+

Top non-repeatable levels by time:
    D:14: 2339 daAuts
    D:11: 1935 daAuts
  Lair:5: 1664 daAuts
     D:1: 1658 daAuts
     D:4: 1623 daAuts
    D:13: 1549 daAuts
  Lair:2: 1444 daAuts
     D:9: 1432 daAuts
     D:5: 1325 daAuts
     D:8: 1280 daAuts
     D:6: 1246 daAuts
  Lair:1: 1177 daAuts
  Lair:4: 1175 daAuts
    D:12: 1154 daAuts
     D:2: 1109 daAuts
